Cogmind - Beta 15 @@@ ROGUE MODE // 2025.09.22 @ 14:49:45 Player: Blue Result: Destroyed by P-70 Sage with Tesla Rifle Performance ------------- Evolutions (6) 3000 Regions Visited (13) 2600 Robots Destroyed (140) 700 Value Destroyed (5051) 5051 Prototype IDs (11) 220 Alien Tech Used (0) 0 Bonus (1432) 1432 TOTAL SCORE: 13003 Bonus ------- High Alert Combat Kills 210 Follower Combat Kills 422 Registered with UFD 300 Met Optimus in HQ 500 Cogmind --------- Core Integrity 0/1150 Matter 300/300 Energy 220/220 System Corruption 29% Temperature Cool (0) Movement Walking (120) Location -4/Factory Parts ------- > --- POWER (2) -------- Micro Fission Core Light Antimatter Reactor > --- PROPULSION (6) --- Flexi-carbon Leg Flexi-carbon Leg Myomer Leg Myomer Leg Gyrokinetic Inverter (fused) Combat Gravmag System > --- UTILITY (8) ------ Makeshift Microdissipator Network Enhanced Optical Array Improved Force Booster Hacking Suite System Shield > --- WEAPON (3) ------- High-powered Shock Rifle Plasma Rifle Force Lance > --- INVENTORY (5) ---- Light Nuclear Core Advanced Sensor Array Improved Transmission Jammer Hacking Suite Hacking Suite Peak State ------------ > --- POWER ------------ Light Nuclear Core Antimatter Reactor > --- PROPULSION ------- Cooled Airjet Gravmag Array Gyrokinetic Inverter Cooled Gravmag System Cooled Gravmag System > --- UTILITY ---------- Small Storage Unit Enhanced Optical Array Advanced Sensor Array Improved Transmission Jammer Hacking Suite Hacking Suite Hacking Suite System Shield > --- WEAPON ----------- Hypervelocity Gauss Cannon Hypervelocity Gauss Cannon Powered Hammer > --- INVENTORY -------- Light Nuclear Core Advanced Weight Redist. System Improved Transmission Jammer Hacking Suite Hacking Suite Hypervelocity Mass Driver Micro-nuke Launcher [Rating: 93] Favorites ----------- Power Fission Core Engine Ion Engine Power Core Fission Core Reactor Antimatter Reactor Propulsion Improved Medium Treads Treads Improved Medium Treads Leg Carbon-fiber Leg Wheel Compact Wheel Hover Unit Cooled Gravmag System Flight Unit Advanced Surge Thruster Utility High-capacity Storage Unit Device Advanced Heat Sink Storage High-capacity Storage Unit Processor Enhanced Optical Array Hackware System Shield Protection Layered Medium Armor Plating Weapon Gauss Cannon Energy Gun Medium Laser Energy Cannon Heavy Plasma Cannon Ballistic Gun Assault Rifle Ballistic Cannon Gauss Cannon Launcher Guided EMP Blaster Special Weapon Mining Laser Impact Weapon Powered Hammer Piercing Weapon Force Lance Build | -11 -10 -10 -10 -8 -6 -6 -6 -6 -6 -5 -5 -5 -4 ------- Run | Yrd Mat Min Sub Scr Fac Was Fac Low Low Fac Was Fac Fac Slots Evolved 12 | . . . . . 8 . . . . 2 . . 2 Power 1 | . . . . . 1 . . . . . . . . Propulsion 4 | . . . . . 2 . . . . . . . 2 Utility 6 | . . . . . 4 . . . . 2 . . . Weapon 1 | . . . . . 1 . . . . . . . . Parts Attached 141 | 7 9 . 2 5 34 1 10 5 . 34 . 3 31 Power 24 | 1 1 . 1 2 6 . 2 1 . 2 . 1 7 Engine 8 | 1 1 . 1 2 1 . . . . 1 . 1 . Core 14 | . . . . . 5 . 2 1 . 1 . . 5 Reactor 2 | . . . . . . . . . . . . . 2 Propulsion 34 | 2 2 . . . 7 1 1 1 . 10 . 1 9 Treads 13 | 2 2 . . . 7 1 1 . . . . . . Leg 6 | . . . . . . . . . . 2 . . 4 Wheel 2 | . . . . . . . . . . 2 . . . Hover 10 | . . . . . . . . . . 4 . 1 5 Flight 3 | . . . . . . . . 1 . 2 . . . Utility 50 | 2 2 . 1 3 13 . 4 2 . 14 . 1 8 Device 24 | 1 . . . 1 7 . 3 2 . 3 . . 7 Storage 5 | 1 1 . . . 1 . . . . 2 . . . Processor 4 | . . . . 1 1 . . . . 2 . . . Hackware 5 | . . . . . . . . . . 3 . 1 1 Protection 12 | . 1 . 1 1 4 . 1 . . 4 . . . Artifact . | . . . . . . . . . . . . . . Weapon 33 | 2 4 . . . 8 . 3 1 . 8 . . 7 Energy Gun 6 | 1 . . . . 1 . 1 . . 1 . . 2 Energy Cannon 4 | . . . . . . . 2 . . 2 . . . Ballistic Gun 1 | 1 . . . . . . . . . . . . . Ballistic Cannon 15 | . 3 . . . 4 . . 1 . 4 . . 3 Launcher 3 | . . . . . 1 . . . . 1 . . 1 Special Weapon 1 | . 1 . . . . . . . . . . . . Impact Weapon 2 | . . . . . 2 . . . . . . . . Slashing Weapon . | . . . . . . . . . . . . . . Piercing Weapon 1 | . . . . . . . . . . . . . 1 Special Melee Weapon . | . . . . . . . . . . . . . . Unidentified Prototypes 6 | . . . . . 2 . 1 . . 3 . . . Corrupted Parts 1 | . . . . . 1 . . . . . . . . System Corruption 9 | . . . . . 9 . . . . . . . . Parts Lost 59 | . . . 4 . 5 5 . 1 . 17 . 2 25 Power 12 | . . . 2 . 1 . . . . 2 . 1 6 Propulsion 14 | . . . 1 . . 3 . 1 . 3 . . 6 Utility 19 | . . . 1 . 2 1 . . . 7 . . 8 Weapon 14 | . . . . . 2 1 . . . 5 . 1 5 Highest Loss Streak 13 | . . . 3 . 2 5 . 1 . 13 . 1 9 To Critical Strikes 1 | . . . . . . 1 . . . . . . . Average Backups 13 | 2 8 15 13 17 15 14 12 16 17 13 5 6 6 Power 1 | . 1 2 1 . 1 2 1 2 3 2 . . . Propulsion 2 | 1 2 5 4 3 2 2 1 . . . 2 2 . Utility 5 | . 3 5 4 6 7 7 6 8 9 6 1 1 4 Weapon 3 | . 1 3 3 6 4 3 2 4 5 4 2 2 1 Tool/Special . | . . . . . . . . . . . . . . Unused Backups 25 | . 3 . . 3 8 . . 1 . 6 . 2 2 Power 3 | . . . . . 3 . . . . . . . . Propulsion 9 | . . . . 1 1 . . 1 . 4 . 2 . Utility 9 | . 2 . . . 3 . . . . 2 . . 2 Weapon 4 | . 1 . . 2 1 . . . . . . . . Tool/Special . | . . . . . . . . . . . . . . Average Slot Usage (%) 90 | . 100 100 100 71 98 60 91 89 86 82 94 93 78 Engine 5 | . 14 14 14 14 2 . . . . 1 5 4 1 Core 6 | . . . . . 9 8 12 13 13 7 5 5 5 Treads 18 | . 28 28 28 28 25 17 25 19 13 7 . . . Hover 3 | . . . . . . . . . . 3 23 23 21 Device 11 | . 7 . . . 19 8 12 13 13 16 17 17 11 Storage 8 | . 14 14 14 14 6 6 6 6 6 4 5 5 4 Processor 3 | . . . . . 2 6 6 6 6 7 5 5 5 Hackware 2 | . . . . . . . . . . 3 11 16 15 Protection 7 | . 6 14 14 13 10 2 5 6 6 5 5 . . Energy Gun 1 | . 7 . . . . 2 5 . . . . . . Energy Cannon 3 | . . . . . . . 5 12 13 10 . . . Ballistic Cannon 10 | . 13 28 28 . 16 2 . 5 6 3 . . 4 Impact Weapon 1 | . . . . . 2 2 4 . . 1 5 5 3 Peak Build Rating 93 | 7 8 8 8 13 76 68 81 81 76 84 83 86 93 Average Rating 51 | 4 7 8 7 10 66 46 78 77 76 72 83 83 74 On Entrance 44 | . 7 8 8 8 13 68 36 79 76 76 83 83 73 Naked Turns . | . . . . . . . . . . . . . . Heaviest Build 114 | 15 54 54 54 48 100 74 97 103 99 114 36 38 51 Greatest Support 120 | 40 40 40 40 40 120 118 120 120 60 60 39 41 75 Greatest Overweight (x) 23 | . 1 1 1 1 1 1 . 1 1 23 . . 3 Average Overweight (x) . | . . 1 1 1 . . . . 1 . . . . Largest Inventory Capacity 20 | 8 20 20 20 20 20 20 20 20 20 20 8 8 8 Average Capacity 17 | 7 12 20 20 20 20 20 20 20 20 17 8 8 7 Most Carried 20 | 4 16 15 15 20 20 18 17 20 20 20 7 8 8 Average Carried 14 | 3 8 15 13 18 18 17 15 19 20 15 7 7 6 Final Capacity 20 | 8 20 20 20 20 20 20 20 20 20 8 8 8 5 Final Carried 20 | 4 15 15 11 20 18 18 17 20 20 7 7 7 5 Class Distribution -------------------- 43% | Mutant 31% | Tank 9% | Hacker-Ninja 3% | Assassin Dominant Class ---------------- Mutant | -10/Materials Mutant | -10/Mines Mutant | -10/Subcaves Mutant | -8/Scraptown Tank | -6/Factory Mutant | -6/Waste Assassin | -6/Factory Tank | -6/Lower Caves Tank | -6/Lower Caves Tank | -5/Factory Hacker-Ninja | -5/Waste Hacker-Ninja | -5/Factory Hacker-Ninja | -4/Factory Resources | -11 -10 -10 -10 -8 -6 -6 -6 -6 -6 -5 -5 -5 -4 ----------- Run | Yrd Mat Min Sub Scr Fac Was Fac Low Low Fac Was Fac Fac Matter Collected 6342 | 276 462 52 210 146 2383 . 272 594 . 1100 . 106 741 Remotely 423 | . . . . . . . . . . 423 . . . Salvage Created 6166 | 79 464 . 92 . 2508 . 22 292 . 1959 . 207 543 Parts 236 | 8 37 1 3 . 79 . 1 10 . 71 . 4 22 Haulers Intercepted 4 | . 2 . . . 2 . . . . . . . . Recyclers Shooed 8 | 1 . . . . 2 . . . . 4 . . 1 Parts Field Recycled . | . . . . . . . . . . . . . . Retrieved Matter . | . . . . . . . . . . . . . . Parts Self-Destructed 22 | . . . 16 . . . . 6 . . . . . Prevented . | . . . . . . . . . . . . . . Kills | -11 -10 -10 -10 -8 -6 -6 -6 -6 -6 -5 -5 -5 -4 ------- Run | Yrd Mat Min Sub Scr Fac Was Fac Low Low Fac Was Fac Fac Combat Hostiles Destroyed 94 | . 11 . 7 . 31 . . 6 . 27 . 3 9 Melee 4 | . . . . . . . . . . . . . 4 Guns 10 | . 6 . . . 2 . . . . 2 . . . Cannons 61 | . 5 . 7 . 23 . . 5 . 17 . . 4 AOE 12 | . . . . . 4 . . . . 5 . 3 . Classes Destroyed 18 | 2 5 . 1 . 7 . 1 1 . 1 . . . Worker 14 | . 2 1 . . 7 . . . . . . 3 1 Builder 2 | . . . . . 2 . . . . . . . . Tunneler 4 | 2 1 . . . . . . . . 1 . . . Hauler 4 | . 2 . . . 2 . . . . . . . . Recycler 15 | 1 . . . . 7 . . . . 6 . . 1 Mechanic 1 | . . . . . 1 . . . . . . . . Operator 1 | . . . . . . . 1 . . . . . . Watcher 5 | . 2 . . . 1 . . . . 1 . . 1 Swarmer 21 | . 5 . . . . . . . . 10 . 3 3 Grunt 34 | . 6 . . . 17 . . 4 . 5 . . 2 Brawler 2 | . . . . . 2 . . . . . . . . Duelist 2 | . . . . . 2 . . . . . . . . Sentry 4 | . . . . . 3 . . . . 1 . . . Hunter 7 | . . . . . . . . . . 7 . . . Programmer 15 | . . . . . 6 . . 1 . 4 . . 4 Behemoth 1 | . . . . . 1 . . . . . . . . Subdweller 7 | . . . 7 . . . . . . . . . . Thief 1 | . . . . . . . . 1 . . . . . Best Kill Streak 10 | 3 3 1 2 . 6 . 1 3 . 10 . 4 3 Combat Bots Only 8 | . 3 . 2 . 4 . . 3 . 8 . 2 3 Max Kills in Single Turn 4 | 2 2 1 1 . 4 . 1 1 . 3 . 1 1 Gunslinging . | . . . . . . . . . . . . . . Exploded 3 | . . . . . 3 . . . . 2 . 1 . Melee 1 | . . . . . . . . . . . . . 1 Uniques/NPCs Destroyed . | . . . . . . . . . . . . . . Combat | -11 -10 -10 -10 -8 -6 -6 -6 -6 -6 -5 -5 -5 -4 -------- Run | Yrd Mat Min Sub Scr Fac Was Fac Low Low Fac Was Fac Fac Hostile Shots Fired 928 | . 51 . 62 . 224 5 . 47 . 204 . 24 311 Missed 295 | . 15 . 27 . 74 2 . 9 . 47 . 10 111 Hits 633 | . 36 . 35 . 150 3 . 38 . 157 . 14 200 Melee 12 | . . . . . 2 3 . 7 . . . . . Projectile 621 | . 36 . 35 . 148 . . 31 . 157 . 14 200 Critical Strikes 28 | . . . . . 4 1 . 2 . 6 . 2 13 Part Disruptions 2 | . . . . . . . . . . . . . 2 Damage Taken 11066 | . 347 . 716 . 2394 157 . 628 . 2560 . 337 3927 Core 1982 | . 23 . 146 . 154 57 . 20 . 349 . 73 1160 Absorbed by Shields 330 | . . . . . 132 . . 58 . 140 . . . Redirected to Shielding 37 | . . . . . . . . . . 37 . . . Core Remaining (%) 65 | 100 . . . 32 . . . . 72 . . 57 . Volleys Fired 308 | 5 39 . 41 . 114 1 2 17 . 56 . 7 26 Largest 3 | 2 2 . 2 . 3 2 2 3 . 3 . 1 2 Hottest 245 | 70 70 . 60 . 138 95 165 230 . 245 . 50 135 Shots Fired 682 | 10 78 . 84 . 262 1 6 52 . 138 . 7 44 Gun 102 | 10 52 . . . 23 1 2 3 . 9 . . 2 Cannon 557 | . 26 . 84 . 228 . 4 49 . 126 . . 40 Launcher 23 | . . . . . 11 . . . . 3 . 7 2 Special . | . . . . . . . . . . . . . . Kinetic 485 | 5 52 . 84 . 228 . . 14 . 62 . . 40 Thermal 164 | 5 26 . . . 23 1 6 38 . 64 . . 1 Explosive 2 | . . . . . . . . . . . . . 2 Electromagnetic 31 | . . . . . 11 . . . . 12 . 7 1 Robot Hit Streak 13 | 4 10 . 13 . 13 . 6 8 . 10 . 4 3 Robot Miss Streak 9 | 1 7 . 3 . 4 . 1 9 . 3 . . 8 Penetration Max 1 | . . . . . 1 . . . . 1 . . . Secondary Targets . | . . . . . . . . . . . . . . Shots Hit Robots 409 | 7 43 . 60 . 154 . 3 21 . 87 . 6 28 Core Hits 193 | 4 22 1 15 . 76 . 2 9 . 46 . 6 12 Critical Kills 9 | . . . . . . . . 1 . 7 . . 1 Critical Parts Destroyed 11 | . . . . . . . . . . 6 . 1 4 Critical Strikes 45 | . 3 . 2 . 18 . 1 1 . 14 . 1 5 Burn 2 | . 1 . . . . . 1 . . . . . . Meltdown 3 | . . . . . . . . 1 . 2 . . . Destroy 14 | . . . . . . . . . . 11 . . 3 Blast 23 | . 2 . 2 . 18 . . . . 1 . . . Smash 3 | . . . . . . . . . . . . 1 2 Melee Attacks 103 | . . . . . 12 2 3 . . 21 . 25 40 Impact 91 | . . . . . 12 2 3 . . 21 . 25 28 Slashing . | . . . . . . . . . . . . . . Piercing 12 | . . . . . . . . . . . . . 12 Sneak Attacks 10 | . . . . . 6 . . . . . . 3 1 Combat Hostiles . | . . . . . . . . . . . . . . Follow-up Attacks . | . . . . . . . . . . . . . . Damage Inflicted 13593 | 101 670 6 1052 . 6035 . 115 778 . 3031 . 694 1111 Guns 972 | 101 334 . . . 268 . 45 23 . 156 . . 45 Cannons 8924 | . 323 . 1048 . 3846 . 32 755 . 2594 . . 326 Explosions 1716 | . . . . . 1169 . . . . 242 . 294 11 Melee 1759 | . . . . . 667 . . . . 39 . 324 729 Ramming 222 | . 13 6 4 . 85 . 38 . . . . 76 . Kinetic 7120 | 52 469 . 1048 . 3846 . . 195 . 1184 . . 326 Thermal 3103 | 49 188 . . . 733 . 77 583 . 1451 . . 22 Explosive 11 | . . . . . . . . . . . . . 11 Electromagnetic 1378 | . . . . . 704 . . . . 357 . 294 23 Impact 1455 | . . . . . 667 . . . . 39 . 324 425 Slashing . | . . . . . . . . . . . . . . Piercing 304 | . . . . . . . . . . . . . 304 Highest Corruption 28 | . 2 2 2 2 16 28 28 28 28 2 9 17 28 Average Corruption 8 | . 2 2 2 2 5 22 28 28 28 1 8 11 13 Corruption Purged 4 | . . . . . . . . . . . . . 4 Corruption Blocked . | . . . . . . . . . . . . . . Effects 252 | . 15 4 21 13 40 11 25 48 4 15 3 20 33 Message Errors 63 | . 4 1 8 3 13 4 4 8 . 6 2 3 7 Matter Fused 53 | . 2 1 6 5 8 . 9 8 . 3 . 6 5 Heat Flow Errors 27 | . 1 1 2 3 2 . 3 5 2 . 1 4 3 Energy Discharges 40 | . 4 1 1 . 10 3 3 7 1 4 . 1 5 Parts Rejected 4 | . . . . . . . . 1 . 1 . . 2 Parts Fused 6 | . 2 . . . . 1 . 1 . . . . 2 Data Loss (minor) 22 | . . . . 1 2 1 3 8 . 1 . 5 1 Data Loss (major) 8 | . 1 . 2 1 . 1 1 1 1 . . . . Misfires 11 | . . . 2 . 2 . 2 4 . . . . 1 Alerts 5 | . 1 . . . 2 . . 1 . . . . 1 Misdirections 8 | . . . . . . . . 1 . . . 1 6 Weapon Failures 5 | . . . . . 1 1 . 3 . . . . . Overload Shots . | . . . . . . . . . . . . . . Overflow Damage 1090 | . . . . . 554 . . . . 85 . 258 193 Projectiles 142 | . . . . . 34 . . . . 81 . . 27 Explosions 141 | . . . . . 110 . . . . . . 14 17 Melee 807 | . . . . . 410 . . . . 4 . 244 149 Knockbacks 83 | . 3 . 13 . 36 . 1 4 . 20 . . 6 Impact 12 | . 1 . 1 . 5 . 1 . . 1 . . 3 Kinetic 66 | . 2 . 11 . 30 . . 4 . 16 . . 3 Secondary 5 | . . . 1 . 1 . . . . 3 . . . Self-Inflicted Damage 239 | . . . . . 77 . . . . . . 76 86 Shots 2 | . . . . . 1 . . . . . . . 1 Rammed 15 | 1 2 1 2 . 8 . 1 . . . . . . Targets Rammed 17 | 1 3 2 2 . 8 . 1 . . . . . . Kicked . | . . . . . . . . . . . . . . Crushed 2 | . 1 1 . . . . . . . . . . . Highest Temperature 398 | 36 101 142 156 249 349 . 295 398 220 378 249 272 238 Average Temperature 98 | 16 20 78 67 97 100 . 141 169 121 117 125 94 84 Received Heat Transfer 1674 | . 93 . 93 . 671 . . 261 . 349 . 9 198 Effects 9 | . . . . . 7 . . . . . . 1 1 Shutdowns 1 | . . . . . 1 . . . . . . . . Energy Bleed 3 | . . . . . 1 . . . . . . 1 1 Interference 5 | . . . . . 5 . . . . . . . . Siege Activations . | . . . . . . . . . . . . . . Martial Activations . | . . . . . . . . . . . . . . Shielding Activations . | . . . . . . . . . . . . . . Robots Disrupted . | . . . . . . . . . . . . . . Combat Hostiles . | . . . . . . . . . . . . . . Robots Corrupted 9 | . . . . . 6 . . . . 1 . . 2 Combat Hostiles 3 | . . . . . 2 . . . . . . . 1 Parts Fried 19 | . . . . . 13 . . . . 2 . 1 3 Impact Corruptions 25 | . . . . . 11 . . . . 1 . 5 8 Robots Melted 4 | . . . . . . . . 1 . 3 . . . Combat Hostiles 4 | . . . . . . . . 1 . 3 . . . Parts Melted 19 | 1 2 . . . 1 . 1 3 . 11 . . . Heat Transferred 4772 | 148 629 . . . 818 . 250 870 . 2007 . . 50 Parts Sabotaged . | . . . . . . . . . . . . . . Parts Stolen 2 | . . . . . . . . 2 . . . . . Parts Stripped . | . . . . . . . . . . . . . . Power Chain Reactions 3 | . . . . . 2 . . . . 1 . . . Alert | -11 -10 -10 -10 -8 -6 -6 -6 -6 -6 -5 -5 -5 -4 ------- Run | Yrd Mat Min Sub Scr Fac Was Fac Low Low Fac Was Fac Fac Maximum Alert Level 3 | . . . . . 3 1 . . . 2 . 1 . Low Security (%) 75 | 100 100 100 . . 48 62 100 . . 70 100 99 100 Level 1 19 | . . . . . 37 37 . . . 27 . . . Level 2 4 | . . . . . 11 . . . . 2 . . . Level 3 . | . . . . . 1 . . . . . . . . Level 4 . | . . . . . . . . . . . . . . Level 5 . | . . . . . . . . . . . . . . High Security . | . . . . . . . . . . . . . . Max Security . | . . . . . . . . . . . . . . Peak Influence 757 | 10 85 9 . . 757 263 100 . . 442 159 209 184 Initial 263 | . . 9 . . . 263 94 . . 1 154 83 54 Average 119 | 1 28 1 . . 198 192 26 . . 136 142 117 34 Influence Increases 3931 | 15 366 5 . . 1297 2 25 120 . 1039 15 319 728 Destroy 0b10 Robot/C 1880 | . 220 . . . 620 . . 100 . 580 . 60 300 Destroy 0b10 Robot/NC 240 | 15 35 5 . . 100 . 5 . . 50 . 15 15 Destroy Leader 448 | . 68 . . . 166 . . 20 . 122 . 10 62 Allied During Kill 54 | . . . . . . . . . . 6 . . 48 Trap Triggered on 0b10 10 | . 10 . . . . . . . . . . . . Successful Hack 159 | . 17 . . . 43 . 16 . . 45 . 38 . Disable Machine 360 | . . . . . 225 . . . . 75 . 60 . Destroy Structure 360 | . 1 . . . 83 2 4 . . 116 . 46 108 Partial Spotted 30 | . . . . . 15 . . . . . 15 . . Lose Combat Pursuer 390 | . 15 . . . 45 . . . . 45 . 90 195 Influence Decreases 3753 | 15 340 31 . . 543 621 160 78 39 602 336 326 662 Entered New Map 940 | . . 17 . . . 491 41 . 9 2 286 36 58 Time Decay 2230 | 15 340 14 . . 493 80 119 68 30 430 50 270 321 Lost Part 483 | . . . . . 50 50 . 10 . 170 . 20 183 Lost Ally 100 | . . . . . . . . . . . . . 100 Squads Dispatched 40 | . 3 . . . 14 . 2 . . 11 . 4 6 Investigation 14 | . 1 . . . 4 . 1 . . 4 . 2 2 Extermination 13 | . . . . . 5 . . . . 4 . 1 3 Reinforcement 8 | . 2 . . . 2 . 1 . . 2 . 1 . Assault . | . . . . . . . . . . . . . . Garrison 5 | . . . . . 3 . . . . 1 . . 1 Intercept . | . . . . . . . . . . . . . . Searches Triggered . | . . . . . . . . . . . . . . Construction Impeded 2 | . . . . . . . . . . 1 . 1 . Haulers Reinforced 3 | . . . . . 2 . . . . 1 . . . Active Scanning Responses . | . . . . . . . . . . . . . . Cargo Convoy Interrupts . | . . . . . . . . . . . . . . Stealth | -11 -10 -10 -10 -8 -6 -6 -6 -6 -6 -5 -5 -5 -4 --------- Run | Yrd Mat Min Sub Scr Fac Was Fac Low Low Fac Was Fac Fac Distress Signals 5 | . 1 . . . 1 . . . . 1 . . 2 Communications Jammed 13 | . . . . . . . . . . . . 2 11 Distress Signals 7 | . . . . . . . . . . . . 2 5 Times Spotted 183 | . 21 . 9 . 45 5 1 8 . 40 6 12 36 Peak Tracking Total 11 | . 4 . 2 . 6 5 1 4 . 8 6 5 11 Tactical Retreats 18 | . 1 . 2 . 2 . . . . 2 . 3 8 Traps | -11 -10 -10 -10 -8 -6 -6 -6 -6 -6 -5 -5 -5 -4 ------- Run | Yrd Mat Min Sub Scr Fac Was Fac Low Low Fac Was Fac Fac Traps Triggered 10 | . 1 . . . 3 . . . . 2 . 3 1 Indirectly . | . . . . . . . . . . . . . . Trap Hack Attempts . | . . . . . . . . . . . . . . Triggered . | . . . . . . . . . . . . . . Disarmed . | . . . . . . . . . . . . . . Reprogrammed 6 | . 6 . . . . . . . . . . . . Reused 1 | . 1 . . . . . . . . . . . . Traps Extracted . | . . . . . . . . . . . . . . Installed . | . . . . . . . . . . . . . . Triggered 1 | . 1 . . . . . . . . . . . . Machines | -11 -10 -10 -10 -8 -6 -6 -6 -6 -6 -5 -5 -5 -4 ---------- Run | Yrd Mat Min Sub Scr Fac Was Fac Low Low Fac Was Fac Fac Machines Disabled 24 | . . . . . 15 . . . . 5 . 4 . Max in Single Turn 5 | . . . . . 5 . . . . 2 . 2 . Garrison Access 3 | . . . . . 1 . . . . 1 . 1 . Machines Repaired . | . . . . . . . . . . . . . . Machines Dismantled . | . . . . . . . . . . . . . . Machines Sabotaged . | . . . . . . . . . . . . . . Overloaded Fab Kills . | . . . . . . . . . . . . . . Hacking | -11 -10 -10 -10 -8 -6 -6 -6 -6 -6 -5 -5 -5 -4 --------- Run | Yrd Mat Min Sub Scr Fac Was Fac Low Low Fac Was Fac Fac Machines Accessed 41 | . 5 . . 3 10 . 2 . . 10 . 8 3 Terminals 21 | . 5 . . . 4 . 1 . . 5 . 5 1 Fabricators . | . . . . . . . . . . . . . . Repair Stations . | . . . . . . . . . . . . . . Recycling Units 12 | . . . . . 3 . 1 . . 4 . 2 2 Scanalyzers 2 | . . . . . 2 . . . . . . . . Garrison Access 3 | . . . . . 1 . . . . 1 . 1 . Total Hacks 100 | . 18 . . 11 24 . 2 . . 19 . 21 5 Successful 60 | . 9 . . 11 11 . 2 . . 8 . 16 3 Failed 40 | . 9 . . . 13 . . . . 11 . 5 2 Catastrophic 12 | . 4 . . . 4 . . . . 4 . . . Database Lockouts . | . . . . . . . . . . . . . . Manual 53 | . 7 . . . 16 . 2 . . 13 . 12 3 Terminals 58 | . 18 . . . 10 . 1 . . 9 . 18 2 Fabricators . | . . . . . . . . . . . . . . Repair Stations . | . . . . . . . . . . . . . . Recycling Units 17 | . . . . . 6 . 1 . . 5 . 2 3 Scanalyzers 6 | . . . . . 6 . . . . . . . . Garrison Access 8 | . . . . . 2 . . . . 5 . 1 . Terminal Hacks 30 | . 9 . . 11 . . . . . 1 . 8 1 Record 11 | . . . . 11 . . . . . . . . . Part Schematic 1 | . 1 . . . . . . . . . . . . Robot Analysis 1 | . 1 . . . . . . . . . . . . Prototype ID Bank 3 | . 2 . . . . . . . . . . 1 . Open DSF 1 | . . . . . . . . . . . . . 1 Level Access Points 1 | . . . . . . . . . . . . 1 . Terminal Index 1 | . . . . . . . . . . . . 1 . Recycling Unit Index 1 | . . . . . . . . . . . . 1 . Alert Level 4 | . 1 . . . . . . . . 1 . 2 . Locate Traps 1 | . 1 . . . . . . . . . . . . Reprogram Traps 1 | . 1 . . . . . . . . . . . . Assault Status 1 | . . . . . . . . . . . . 1 . Hauler Manifests 1 | . 1 . . . . . . . . . . . . Zone Layout 2 | . 1 . . . . . . . . . . 1 . Fabricator Hacks . | . . . . . . . . . . . . . . Repair Station Hacks . | . . . . . . . . . . . . . . Recycling Unit Hacks . | . . . . . . . . . . . . . . Scanalyzer 5 | . . . . . 5 . . . . . . . . Insert Component 3 | . . . . . 3 . . . . . . . . Analyze 2 | . . . . . 2 . . . . . . . . Garrison Access Hacks 3 | . . . . . 1 . . . . 1 . 1 . Seal Access 3 | . . . . . 1 . . . . 1 . 1 . Unauthorized Hacks 22 | . . . . . 5 . 2 . . 6 . 7 2 Terminals 10 | . . . . . 2 . 1 . . 2 . 5 . Botnet 10 | . . . . . 2 . 1 . . 2 . 5 . Fabricators . | . . . . . . . . . . . . . . Repair Stations . | . . . . . . . . . . . . . . Recycling Units 12 | . . . . . 3 . 1 . . 4 . 2 2 Fedlink 11 | . . . . . 3 . 1 . . 4 . 2 1 Scrapoids 1 | . . . . . . . . . . . . . 1 Scanalyzers . | . . . . . . . . . . . . . . Garrison Access . | . . . . . . . . . . . . . . Data Cores Recovered . | . . . . . . . . . . . . . . Used . | . . . . . . . . . . . . . . Hacking Detections 22 | . 5 . . . 8 . . . . 5 . 4 . Full Trace Events 1 | . . . . . 1 . . . . . . . . Feedback Events . | . . . . . . . . . . . . . . Feedback Blocked . | . . . . . . . . . . . . . . Robot Schematics Acquired . | . . . . . . . . . . . . . . Robots Built . | . . . . . . . . . . . . . . Authchips . | . . . . . . . . . . . . . . Time . | . . . . . . . . . . . . . . Total Robot Build Rating . | . . . . . . . . . . . . . . Part Schematics Acquired 3 | . 1 . . . 2 . . . . . . . . Parts Built . | . . . . . . . . . . . . . . Authchips . | . . . . . . . . . . . . . . Time . | . . . . . . . . . . . . . . Total Part Build Rating . | . . . . . . . . . . . . . . Parts Repaired . | . . . . . . . . . . . . . . Time . | . . . . . . . . . . . . . . Parts Recycled . | . . . . . . . . . . . . . . Recycled Matter . | . . . . . . . . . . . . . . Retrieved Matter . | . . . . . . . . . . . . . . Retrieved Components . | . . . . . . . . . . . . . . Parts Scanalyzed 3 | . . . . . 3 . . . . . . . . Part Schematics Acquired 2 | . . . . . 2 . . . . . . . . Parts Damaged . | . . . . . . . . . . . . . . Bothacking | -11 -10 -10 -10 -8 -6 -6 -6 -6 -6 -5 -5 -5 -4 ------------ Run | Yrd Mat Min Sub Scr Fac Was Fac Low Low Fac Was Fac Fac Used RIF Installer . | . . . . . . . . . . . . . . Robots Hacked . | . . . . . . . . . . . . . . Non-combat . | . . . . . . . . . . . . . . Combat . | . . . . . . . . . . . . . . Robot Hacks Applied . | . . . . . . . . . . . . . . Relay Couplers Released . | . . . . . . . . . . . . . . Fabnet Peak Effective % . | . . . . . . . . . . . . . . Robots Rewired . | . . . . . . . . . . . . . . Allies Hacked . | . . . . . . . . . . . . . . Hacks Repelled . | . . . . . . . . . . . . . . Allies | -11 -10 -10 -10 -8 -6 -6 -6 -6 -6 -5 -5 -5 -4 -------- Run | Yrd Mat Min Sub Scr Fac Was Fac Low Low Fac Was Fac Fac Total Allies 6 | . . . . . . . . . . 1 . . 5 Largest Group 5 | . . . . . . . . . . 1 . . 5 Highest-Rated Group 235 | . . . . . . . . . . 61 . . 235 Highest-Rated Ally 61 | . . . . . . . . . . 61 . . 47 Total Orders 1 | . . . . . . . . . . 1 . . . STAY 1 | . . . . . . . . . . 1 . . . Ally Attacks 50 | . . . . . . . . . . 14 . . 36 Total Damage 1282 | . . . . . . . . . . 402 . . 880 Kills 10 | . . . . . . . . . . 4 . . 6 Allies Corrupted . | . . . . . . . . . . . . . . Allies Melted . | . . . . . . . . . . . . . . Intel | -11 -10 -10 -10 -8 -6 -6 -6 -6 -6 -5 -5 -5 -4 ------- Run | Yrd Mat Min Sub Scr Fac Was Fac Low Low Fac Was Fac Fac Active Infowar (turns) 8851 | 20 597 . . . 2710 175 519 893 65 2229 111 590 942 Optics 6342 | . . . . . 818 175 519 893 65 2229 111 590 942 Sensors 2191 | . . . . . . . 513 38 . 298 111 590 641 IFF 2097 | . . . . . . . 510 36 . 293 111 590 557 Terrain 2759 | . . . . . 2363 . . . . 396 . . . Seismic 1440 | 20 597 . . . 823 . . . . . . . . Jamming 1355 | . . . . . . . . . . 299 111 590 355 ECM 23 | . . . . . . . . . . . . . 23 Robot Analysis Total 1 | . 1 . . . . . . . . . . . . Derelict Logs Recovered 2 | . . . 1 . . . . 1 . . . . . Drone Launches . | . . . . . . . . . . . . . . Drone Recoveries . | . . . . . . . . . . . . . . Exploration | -11 -10 -10 -10 -8 -6 -6 -6 -6 -6 -5 -5 -5 -4 ------------- Run | Yrd Mat Min Sub Scr Fac Was Fac Low Low Fac Was Fac Fac Turns Passed 12091 | 108 1108 190 1356 1093 2712 175 519 893 65 2229 111 590 942 Spaces Moved 7113 | 51 508 78 509 447 1244 103 299 345 28 1132 243 1028 1098 Core 4 | 3 . . . . . . . . . 1 . . . Treads 4005 | 48 508 78 509 447 1244 103 299 345 28 396 . . . Legs 9 | . . . . . . . . . . . . . 9 Wheels 152 | . . . . . . . . . . 152 . . . Hover 2915 | . . . . . . . . . . 555 243 1028 1089 Flight 28 | . . . . . . . . . . 28 . . . Fastest Speed 25 | 50 160 240 240 240 160 160 160 160 240 35 35 35 25 Average Speed 135 | 153 182 240 240 240 173 160 160 236 240 127 35 35 50 Slowest Speed 1200 | 160 240 240 240 240 240 240 160 240 240 1200 35 40 190 Overloaded Moves 44 | . . . . . . . . . . . . . 44 Propulsion Burnouts . | . . . . . . . . . . . . . . Robots Hopped . | . . . . . . . . . . . . . . Potential Cave-ins 2 | . . . . . 2 . . . . . . . . Cave-ins Triggered . | . . . . . . . . . . . . . . Exploration Rate (%) 39 | 4 92 21 39 44 30 77 7 50 7 31 100 25 30 Regions Visited 13 Branch Regions 5 Pre-discovered Areas 1 | . . . . . 1 . . . . . . . . Known Exits Taken 2 | . . . . . . . . 1 . . . 1 . Unknown Exits Taken 7 | 1 1 1 1 1 . . 1 . 1 . . . . Scrap Searched 7 | . . 1 . 2 . . . 4 . . . . . Spaces Dug 105 | . . . . . 22 2 2 . . 24 . 22 33 Terrain Destroyed 238 | . . . . . 83 2 4 16 . 55 . 23 55 Melee 61 | . . . . . 4 2 2 . . 19 . 22 12 Projectile 113 | . . . . . 65 . 2 16 . 25 . . 5 AOE 63 | . . . . . 14 . . . . 11 . . 38 Terrain Rammed 1 | . . . . . . . . . . . . 1 . Walls Destroyed 1 | . . . . . . . . . . . . 1 . Machines Disabled . | . . . . . . . . . . . . . . Actions | -11 -10 -10 -10 -8 -6 -6 -6 -6 -6 -5 -5 -5 -4 --------- Run | Yrd Mat Min Sub Scr Fac Was Fac Low Low Fac Was Fac Fac Total 8776 | 67 609 79 560 476 1553 107 326 382 27 1766 268 1202 1354 Wait 846 | . 35 . 5 . 70 . . 3 . 468 26 91 148 Move 7103 | 51 507 77 508 446 1244 102 298 344 27 1132 242 1027 1098 Hop . | . . . . . . . . . . . . . . Pick Up 91 | 4 10 . . 12 25 1 6 7 . 16 . 5 5 Fast Attach 62 | 7 . . . . 8 . 1 1 . 22 . 1 22 Attach 50 | . 1 . 4 . 12 1 7 2 . 16 . . 7 Detach 12 | . 1 . . 2 . . . . . 9 . . . Swap 82 | . 9 . . 7 34 . 7 6 . 12 . 2 5 Drop 63 | . 4 . . 9 26 . 1 2 . 14 . 4 3 Fire 308 | 5 39 . 41 . 114 1 2 17 . 56 . 7 26 Melee 103 | . . . . . 12 2 3 . . 21 . 25 40 Ram 1 | . . . . . . . . . . . . 1 . Kick . | . . . . . . . . . . . . . . Crush 16 | . 3 2 2 . 8 . 1 . . . . . . Escape Stasis 39 | . . . . . . . . . . . . 39 . Rewire . | . . . . . . . . . . . . . . Trap . | . . . . . . . . . . . . . . Miscellaneous . | . . . . . . . . . . . . . . Route ------- -11/Scrapyard -10/Materials (discovered 4 exits: [*Mat x3] / [*Min]) -10/Mines -10/Subcaves -8/Scraptown -6/Factory (discovered 2 exits: Fac / [*Low]) -6/Waste -6/Factory -6/Lower Caves -6/Lower Caves -5/Factory -5/Waste -5/Factory (discovered 4 exits: *Fac x4) -4/Factory (discovered 1 exit: [*Upp]) History --------- Turn | Location | Event 58 | -11/Scrapyard | Discovered new exit (range 16) 109 | -11/Scrapyard | Entered Materials 300 | -10/Materials | Build established: Mutant 322 | -10/Materials | Discovered new exit (range 14) 553 | -10/Materials | Discovered new exit (range 14) 1043 | -10/Materials | Discovered new exit (range 12) 1112 | -10/Materials | Discovered new exit (range 16) 1217 | -10/Materials | Entered Mines 1256 | -10/Mines | Met a Derelict bent on vengeance 1400 | -10/Mines | Discovered new exit (range 4) 1407 | -10/Mines | Entered Subcaves 1408 | -10/Subcaves | Approached by a straggling Scientist 2127 | -10/Subcaves | Learned Materials terminal intel 2439 | -10/Subcaves | Core integrity fell below 50% 2475 | -10/Subcaves | Lost 3 parts (1p1n1u) 2540 | -10/Subcaves | Scientist uncovered a shortcut to Scraptown 2628 | -10/Subcaves | Disturbed a concealed Subdweller 2763 | -10/Subcaves | Entered Scraptown 3164 | -8/Scraptown | Visited Junk Repository 3302 | -8/Scraptown | Visited Cave Peace 3357 | -8/Scraptown | Visited UFD Registry 3359 | -8/Scraptown | Registered with UFD as "Waverider" 3410 | -8/Scraptown | Visited Botcube Research 3428 | -8/Scraptown | Found Lrg. Botcube 3469 | -8/Scraptown | Visited LU-1G1's Boring Crew 3534 | -8/Scraptown | Visited Supply Room 3693 | -8/Scraptown | Met Optimus 3693 | -8/Scraptown | Accepted into 0bPrime 3842 | -8/Scraptown | Discovered new exit (range 5) 3856 | -8/Scraptown | Entered Factory 3856 | -6/Factory | Evolved 8 slots: Power x1, Propulsion x2, Utility x4, Weapon x1 4153 | -6/Factory | Build established: Tank 4836 | -6/Factory | Loaded intel: 8 recycling unit locations 4872 | -6/Factory | Discovered new exit (range 5) 5430 | -6/Factory | Build established: Mutant 5675 | -6/Factory | Discovered new exit (range 20) 5785 | -6/Factory | Learned location of Protoforge (-2) 5907 | -6/Factory | System corruption reached 10% 6127 | -6/Factory | Build established: Tank 6279 | -6/Factory | Garrison activated, responded to threat 6419 | -6/Factory | Spotted B-75 Beast 6527 | -6/Factory | Destroyed B-75 Beast 6568 | -6/Factory | Sucked down chute 6568 | -6/Factory | Entered Waste 6583 | -6/Waste | EMP discharged 6594 | -6/Waste | Spotted C-40 Crusher 6599 | -6/Waste | Spotted C-40 Crusher 6625 | -6/Waste | Crushed by Compactor (1 part destroyed, 1 dropped) 6628 | -6/Waste | Crushed by Compactor (1 part destroyed, 1 dropped) 6633 | -6/Waste | Crushed by Compactor (1 part destroyed, 2 dropped) 6651 | -6/Waste | Spotted C-40 Crusher 6659 | -6/Waste | Spotted C-40 Crusher 6664 | -6/Waste | Lost 5 parts (3n1u1w) 6683 | -6/Waste | EMP discharged 6697 | -6/Waste | Spotted C-40 Crusher 6724 | -6/Waste | Discovered new exit (range 13) 6743 | -6/Waste | Entered Factory 6936 | -6/Factory | Loaded intel: 8 recycling unit locations 6986 | -6/Factory | Discovered new exit (range 6) 7262 | -6/Factory | Entered Lower Caves 7718 | -6/Lower Caves | Identified exit to Lower Caves 8155 | -6/Lower Caves | Entered another Lower Caves area 8175 | -6/Lower Caves | Discovered new exit (range 8) 8220 | -6/Lower Caves | Entered Factory 8220 | -5/Factory | Evolved 2 slots: Utility x2 8660 | -5/Factory | Garrison activated, responded to threat 8741 | -5/Factory | Loaded intel: 8 recycling unit locations 9306 | -5/Factory | Allied Derelicts emerged from ambush trap array 9736 | -5/Factory | Destroyed 8 combat bots 9736 | -5/Factory | Lost 13 parts (2p2n5u4w) 10125 | -5/Factory | Lrg. Botcube activated 10324 | -5/Factory | Spotted B-75 Beast 10394 | -5/Factory | Discovered new exit (range 8) 10449 | -5/Factory | Sucked down chute 10449 | -5/Factory | Entered Waste 10453 | -5/Waste | Spotted C-40 Crusher 10459 | -5/Waste | Spotted C-40 Crusher 10462 | -5/Waste | Spotted C-40 Crusher 10463 | -5/Waste | Spotted C-40 Crusher 10464 | -5/Waste | EMP discharged 10496 | -5/Waste | Spotted C-40 Crusher 10525 | -5/Waste | Spotted C-40 Crusher 10547 | -5/Waste | Discovered new exit (range 13) 10560 | -5/Waste | Entered Factory 10634 | -5/Factory | Identified exit to Factory 10649 | -5/Factory | Loaded intel: 8 recycling unit locations 10681 | -5/Factory | Build established: Hacker-Ninja 10947 | -5/Factory | System corruption reached 10% 11150 | -5/Factory | Entered another Factory area 11150 | -4/Factory | Evolved 2 slots: Propulsion x2 11332 | -4/Factory | Loaded intel: 8 recycling unit locations 11348 | -4/Factory | Identified exit to DSF 11460 | -4/Factory | Discovered new exit (range 6) 11586 | -4/Factory | System corruption reached 10% 11616 | -4/Factory | Lost 3 parts (1p1n1u) 11890 | -4/Factory | Lost 9 parts (1p4n1u3w) 11964 | -4/Factory | Core integrity fell below 50% 11968 | -4/Factory | Lost 6 parts (2p2u2w) 12014 | -4/Factory | Lost 4 parts (1p3u) 12025 | -4/Factory | Scrapoid reinforcements arrived 12029 | -4/Factory | Core integrity fell below 20% 12033 | -4/Factory | Garrison activated, responded to threat 12080 | -4/Factory | Lost 5 allies 12092 | -4/Factory | Destroyed by P-70 Sage with Tesla Rifle Last Messages --------------- 12046_ Slug penetrates Wall. 12046_ Slug penetrates 04F05-D. 12046_ Slug penetrates Wall. 12046_ Acquired Mak. Microdissipator Network. 12047_ Slug penetrates G-67 Veteran. 12047_ G-67 Veteran destroyed. 12049_ Acquired Lgt. Antimatter Reactor. 12050_ ,9ASJIMAKKK ZFVAH ,VDU=C< 12051_ Acquired 50 matter. 12052_ Cmb. Gravmag System destroyed. 12057_ Acquired Myomer Leg. 12061_ G-67 Veteran destroyed. 12065_ System corrupted: Gyrokinetic Inverter fused. 12066_ Acquired Flexi-carbon Leg. 12069_ Acquired 186 matter. 12074_ G-67 Veteran destroyed. 12078_ Acquired Flexi-carbon Leg. 12082_ Acquired Myomer Leg. 12085_ Acquired 20 matter. Map ----- +----------------------------------------------------+ | ? ???????# + " #??????????????????????????????? | | ? ???????# ! # #??????????????????????????????? | | ? ???????####### ##??????????????????????????????? | | ? ????"""# # #???????????????????????????????? | | ? ?????Y"# + #???????????????????????????????? | | ? ????"""# """ # ########????????????????????????? | | ? ???????# """ # # #????????????????????????? | | ? ???????# """?# # #????????????????????????? | | ? ???????# ?# " #????????????????????????? | | ? ???????# !??# / ! ! #????????????????????????? | | ?????????####??# # ! ! #????????????????????????? | | ???????????????# # #????????????????????????? | | ???????????????# ########????????????????????????? | | ???????????????# #???????????????????????????????? | | ???????????????# #???????????????????????????????? | | ???????????????# #???????????????????????????????? | | ???????????????# #???????????????????????????????? | | ???????????????# #???????????????????????????????? | | ???????????????# #??????##?###???????????????????? | | ???????????????# #??????#[?# ##??????????????????? | | ???????????????# #??????#[##|[#??????????????????? | | ??????########## ##+#####%#[[|########???????????? | | ![[*%[!!!%[* #????????? | | ??????########## ##+#####*% %!##+#####???????????? | | ???????????????# # ??##p#!###?????????????????? | | ???????????????+ # #@=p[!|#??"""????????????? | | ???????????????# # """ #[!%|!=#??"Y"????????????? | | ???????????????# + """ #!|[! #??"?"????????????? | | ???????????????### """ # #?????????????????? | | ?????????????????# # #?????????????????? | | ?????????????????######## #?????????????????? | | ????????????????????????########?????????????????? | | ?????????????????????????????????????????????????? | | ?????????????????????????????????????????????????? | | ?????????????????????????????????????????????????? | | | | | | | | | | | | | | | | | | | | | | | | | | | | | | | +----------------------------------------------------+ Best States ------------- Heat Dissipation 78 Energy Generation 51 Energy Capacity 520 Matter Stores 300 Matter Capacity 300 Sight Range 22 Robot Scan Range 16 Terrain Scan Range 20 Terrain Scan Density 10 ECM Strength 2 Jamming Range 14 Additional Mass Support 12 Armor Coverage 825 Utility Shielding 66 Evasion (%) 58 Targeting Accuracy 5 Armor Integrity Analysis 30 Recoil Reduction 8 Force Boost 30 Offensive Hacking 30 Defensive Hacking 10 Item Schematics ----------------- Huge Storage Unit | -10/Materials | Hacked Imp. Heavy Armor Plating | -6/Factory | Scanalyzed Hcp. Matter Pod | -6/Factory | Scanalyzed Robot Schematics ------------------ None Fabricated ------------ Nothing Repaired ---------- Nothing Alien Tech Used ----------------- None Achievements -------------- Below Brute Force Total Silence Challenges ------------ None Game ------ Seed PiercingFlightFalx Manual? 0 Play Time 02:45:14 Cumulative 64.5 hours Start 2025.09.22 @ 08:20:03 End 2025.09.22 @ 14:49:45 Sessions 2 Manual Loads 0 Difficulty Rogue Special Mode None Game No. 43 Rogue 43 Adventurer 0 Explorer 0 Win Type - Total 0 Types 0/0/0/0/0/0/0/0/0/0 Lore% 24 Gallery% 39 Achievement% 36 Wizard Run 0 Options --------- Layout 1 ASCII 0 Keyboard 1 Movement Arrows Keybinds 0 Fullscreen 1 Font 24/Smallcaps Map View 50x35 Zoom Use 0% Tactical HUD 1 Map Filters NONE Filters NONE Steam 1 RUN: ab27b852-0138-4df5-9390-630c6c8a4107